 Dungeon Crawl Stone Soup version 0.30-a0-782-ge64f9170bb (webtiles) character file.

Game seed: 15209912014082623325

3 mopl the Slasher (level 1, 0/27 HPs)
             Began as a Merfolk Berserker on Mar 13, 2023.
             Was a Follower of Trog.
             Slain by a kobold
             ... wielding a +0 short sword
              (1 damage)
             ... on level 1 of the Dungeon.
             The game lasted 00:00:29 (45 turns).

mopl the Slasher (Merfolk Berserker)                  Turns: 45, Time: 00:00:30

Health: 0/27       AC:  2    Str: 17    XL:     1   Next: 50%
Magic:  1/1        EV: 12    Int:  6    God:    Trog [*.....]
Gold:   10         SH:  0    Dex: 13    Spells: 0/0 levels left

rFire   . . .      SeeInvis .    a - +0 falchion
rCold   . . .      Faith    .    (no shield)
rNeg    . . .      Spirit   .    c - +0 animal skin
rPois   .          Reflect  .    (no helmet)
rElec   .          Harm     .    (no cloak)
rCorr   .          Rampage  .    (no gloves)
Will    .....                    (no boots) Stlth
                                 (no amulet)
HPRegen 0.24/turn                (no ring)
MPRegen 0.07/turn                (no ring)

@: berserking (expiring), very quick
A: (nimble swimmer 2), mertail
a: Renounce Religion, Berserk


You were on level 1 of the Dungeon.
You worshipped Trog.
Trog was aware of your devotion.
You visited 1 branch of the dungeon, and saw 1 of its levels.

You collected 10 gold pieces.

Inventory:

Hand Weapons
 a - a +0 falchion (weapon)
 b - a +0 dagger of venom
Armour
 c - a +0 animal skin (worn)


   Skills:
 + Level 3.3 Fighting
 * Level 3.7 Long Blades
 + Level 1.4 Armour
 + Level 2.8 Dodging


You couldn't memorise any spells.
You didn't know any spells.
Your spell library was empty.

Dungeon Overview and Level Annotations

Branches:
Dungeon (1/15)

Altars:


Innate Abilities, Weirdness & Mutations

((You are very nimble when in or above water. (Stealth+, EV+, Speed+++)))
Your lower body shifts to a powerful aquatic tail in water.


Message History

The ball python bites you but does no damage.
The ball python constricts you. The goblin misses you.
You barely miss the ball python. The ball python bites you.
The ball python constricts you. The ball python bites you.
The ball python constricts you. The rat bites you but does no damage.
The goblin hits you but does no damage.
You are too injured to fight recklessly!
A red film seems to cover your vision as you go berserk!
You feel yourself moving faster!
You feel mighty! The ball python closely misses you.
The ball python constricts you. The goblin closely misses you.
The rat bites you.
You are too injured to fight recklessly!
You are too injured to fight recklessly!
You are too injured to fight recklessly!
You are too injured to fight recklessly!
You completely miss the ball python.
The ball python bites you but does no damage.
The ball python constricts you.
You slash the ball python!
You kill the ball python!
Trog accepts your kill.
A bat comes into view.
The goblin closely misses you. The rat closely misses you.
You completely miss the kobold. The goblin hits you but does no damage.
The rat bites you. The kobold closely misses you.
You barely miss the kobold. The rat bites you but does no damage.
The goblin hits you with a +0 club.
* * * LOW HITPOINT WARNING * * *
The kobold hits you but does no damage.
You closely miss the kobold.
The kobold hits you with a +0 short sword.
* * * LOW HITPOINT WARNING * * *
The rat misses you. The goblin closely misses you.
You closely miss the kobold. The bat closely misses you.
You miss the kobold. The goblin hits you with a +0 club.
* * * LOW HITPOINT WARNING * * *
The rat bites you.
* * * LOW HITPOINT WARNING * * *
The kobold hits you with a +0 short sword.
You die...

#..#....#..#
##[...........
##..).....#....
#.....#.).#..: ..
##..#..)#..#..#...
#....#..#..#.. ..#
#.....#..#.#.#..#.
#..#...#.#.#.#.#..
#@b.##..#.#.#.#..
#..gKr...##.#...#.#
.......g....$.#.....#...
........######...<...#
....>.... ....#.....#...
......... ..##.#...#.##.
......... # ..#.#.#.#..
..#......#...#.#.#.#.#..
..#.. . . ..#.


You could see a hobgoblin, a goblin, a bat, a kobold and a rat.

Vanquished Creatures
  A goblin (D:1)
  A ball python (D:1)
  2 kobolds (D:1)
4 creatures vanquished.

Notes
Turn   | Place    | Note
-------+----------+-------------------------------------------
     0 | D:1      | mopl the Merfolk Berserker began the quest for the Orb.
     0 | D:1      | Reached XP level 1. HP: 18/18 MP: 1/1
    45 | D:1      | HP: 1/27 [rat (3)]
    45 | D:1      | Slain by a kobold

Illustrated notes

Levels and vault maps discovered:
D:1:      minmay_arrival_radiant_lines, layout_rooms, serial_shops, shop, shop,
          wander_ebering_terrifying_dragon_lair

Action                     || total
---------------------------++-------
  Melee: Falchion          ||    16
 Invoke: Berserk           ||     1
 Armour: Animal skin       ||     8
  Dodge: Dodged            ||    11

Table legend: (Time is in decaauts)
 A = Elapsed time spent in this place.
 B = Non-inter-level travel time spent in this place.
 C = Inter-level travel time spent in this place.
 D = Time resting spent in this place.
 E = Time spent auto-exploring this place.
 F = Levels seen in this place.
 G = Mean time per level.
                   A        B        C        D        E       F      G
               +--------+--------+--------+--------+--------+-----+--------+
         Total |     44 |     44 |      0 |      0 |     11 |   1 |   44.0 |
       Dungeon |     44 |     44 |      0 |      0 |     11 |   1 |   44.0 |
               +--------+--------+--------+--------+--------+-----+--------+

Top non-repeatable levels by time:
     D:1: 44 daAuts
